 Dungeon Crawl Stone Soup version 0.26-a0-662-g8b9c6dab81 (webtiles) character file.

Game seed: 454849694490672204

266 timneilson the Covered (level 6, -1/38 HPs)
             Began as a Gargoyle Fighter on Oct 9, 2020.
             Splashed by an orc's acid (14 damage)
             ... on level 3 of the Dungeon.
             The game lasted 00:04:12 (2510 turns).

timneilson the Covered (Gargoyle Fighter)           Turns: 2510, Time: 00:04:13

Health: -1/38      AC: 10    Str: 22    XL:     6   Next: 20%
Magic:  6/6        EV:  7    Int:  8    God:
Gold:   154        SH:  9    Dex:  9    Spells: 5/5 levels left

rFire    . . .     SeeInvis .   a - +0 long sword
rCold    . . .     Faith    .   c - +0 kite shield
rNeg     + . .     Spirit   .   b - +0 scale mail
rPois    ∞         Reflect  .   i - +0 helmet
rElec    +         Harm     .   (no cloak)
rCorr    .         Rampage  .   q - +0 pair of gloves
MR       .....                  (no boots)
Stlth    ..........             (no amulet)
HPRegen  0.12/turn              (no ring)
MPRegen  0.10/turn              (no ring)

@: corroded
A: negative energy resistance 1, electricity resistance, unbreathing,
petrification resistance, rot immunity, AC +4
a: no special abilities


You were on level 3 of the Dungeon.
You visited 1 branch of the dungeon, and saw 4 of its levels.

You collected 154 gold pieces.

Inventory:

Hand Weapons
 a - a +0 long sword (weapon)
Armour
 b - a +0 scale mail (worn)
 c - a +0 kite shield (worn)
 i - a +0 helmet (worn)
 q - a +0 pair of gloves (worn)
Jewellery
 o - a cursed ring of attention {unknown}
Wands
 m - a wand of iceblast (9)
Scrolls
 h - 3 scrolls of teleportation
 l - a scroll of fear {unknown}
Potions
 d - a potion of might
 e - 4 potions of curing
 f - 2 potions of lignification {unknown}
 g - a potion of magic {unknown}
 j - 2 potions of invisibility {unknown}
 k - 2 potions of stabbing {unknown}
 n - a potion of brilliance {unknown}
 r - a potion of mutation {unknown}


   Skills:
 + Level 4.1 Fighting
 * Level 3.3 Long Blades
 * Level 4.8 Armour
 * Level 4.6 Shields
 + Level 0.7 Evocations


You had 5 spell levels left.
You didn't know any spells.
Your spell library was empty.

Dungeon Overview and Level Annotations

Branches:
Dungeon (4/15)
 Temple: D:4-7

Altars:
Vehumet


Innate Abilities, Weirdness & Mutations

You are resistant to torment.
Your stone body is resilient. (AC +4)
You are immune to poison.
You resist negative energy. (rN+)
You are resistant to electric shocks. (rElec)
You can survive without breathing.
You are immune to petrification.
You are immune to rotting.


Message History

The orc shouts!
An orc is nearby!
An orc is nearby!
The orc zaps a wand.
The bolt of acid hits you!
You are splashed with acid!
* * * LOW HITPOINT WARNING * * *
Found a stone staircase leading down.
You are too injured to fight recklessly!
You are too injured to fight recklessly!
You are too injured to fight recklessly!
You are too injured to fight recklessly!
You are too injured to fight recklessly!
You are too injured to fight recklessly!
You are too injured to fight recklessly!
You are too injured to fight recklessly!
You are too injured to fight recklessly!
Unknown command.
The orc zaps a wand.
The bolt of acid hits you but does no damage.
The acid corrodes you!
You are splashed with acid!
You die...

### #........# .... #...
..######........# ...
#... ................# ..
. #... ................#
.## .....
................# ..#
.#### .......†........#
#.###.# .....###........#
#.....### .....#
#........########..<....#
.....#
#........@.........o....#
.....#
#.......o#######........#
#....#
#........#######.#..#.###
#....#
#.......#.....o...#.#
#....#
#.......#.......?.#...
#....#
#.......#..o......# ..#
#....#
#.......#.........# ..#
######
#.......#.........# >.
#########.........# ###


You could see an orc.

Vanquished Creatures
  An orc priest (D:3)
  2 worker ants (D:4)
  6 adders
  4 gnolls (D:4)
  2 worms (D:2)
  3 dart slugs
  4 leopard geckos
  5 orcs (D:3)
  5 giant cockroaches
  5 goblins
  9 hobgoblins
  2 jackals (D:3)
  A ball python (D:2)
  11 bats
  6 frilled lizards
  8 kobolds
  9 rats
83 creatures vanquished.

Notes
Turn   | Place    | Note
-------+----------+-------------------------------------------
     0 | D:1      | timneilson the Gargoyle Fighter began the quest for the
                  | Orb.
     0 | D:1      | Reached XP level 1. HP: 14/14 MP: 1/1
   358 | D:1      | Reached XP level 2. HP: 19/19 MP: 2/2
   701 | D:1      | Reached XP level 3. HP: 22/23 MP: 3/3
  1308 | D:2      | You fall into a shaft and drop 2 floors!
  1323 | D:4      | Reached XP level 4. HP: 29/29 MP: 4/4
  1326 | D:4      | Noticed a phantom
  1402 | D:4      | Reached XP level 5. HP: 25/33 MP: 5/5
  1410 | D:3      | Found a radiant altar of Vehumet.
  2188 | D:3      | Reached XP level 6. HP: 38/38 MP: 6/6
  2510 | D:3      | Splashed by an orc's acid

Illustrated notes

Levels and vault maps discovered:
D:1:      sevenhm_arrival_forest_fort_large_4, layout_loops_ring
D:2:      layout_rooms
D:3:      layout_basic, overflow_temple_1_default
D:4:      layout_loops_cross, elyvilon_altar_4, grunt_temple_overflow_open,
          uniq_duvessa

Skill      XL: |  1  2  3  4  5 |
---------------+----------------+-----
Long Blades    | 2 3 |  3.3
Armour         | 4 |  4.8
Shields        | 4 |  4.6
Fighting       | 4 |  4.1
Evocations     | |  0.7

Action                   |  1- 3 |  4- 6 || total
-------------------------+-------+-------++-------
Melee: Long sword        |   127 |   186 ||   313
  Use: Scroll            |     4 |     3 ||     7
Armor: Scale mail        |    81 |   107 ||   188
Dodge: Dodged            |    61 |    44 ||   105
Block: Kite shield       |    64 |    94 ||   158
       Rpst.: Long sword |    26 |    13 ||    39

Table legend: (Time is in decaauts)
 A = Elapsed time spent in this place.
 B = Non-inter-level travel time spent in this place.
 C = Inter-level travel time spent in this place.
 D = Time resting spent in this place.
 E = Time spent auto-exploring this place.
 F = Levels seen in this place.
 G = Mean time per level.
                   A        B        C        D        E       F      G
               +--------+--------+--------+--------+--------+-----+--------+
         Total |   2616 |   2588 |     28 |      0 |   1834 |   4 |  654.0 |
       Dungeon |   2616 |   2588 |     28 |      0 |   1834 |   4 |  654.0 |
               +--------+--------+--------+--------+--------+-----+--------+

Top non-repeatable levels by time:
     D:1: 1274 daAuts
     D:3: 646 daAuts
     D:2: 581 daAuts
     D:4: 113 daAuts
